 Dungeon Crawl Stone Soup version 0.28-a0-883-gc8d7bad (webtiles) character file.

Game seed: 17050226119392358569

132 PublicAnimeNo1 the Firebug (level 4, 0/37 HPs)
             Began as a Draconian Fire Elementalist on Nov 21, 2021.
             Was a Believer of Cheibriados.
             Slain by an orc (7 damage)
             ... on level 3 of the Dungeon.
             The game lasted 00:06:23 (3186 turns).

PublicAnimeNo1 the Firebug (DrFE)                   Turns: 3186, Time: 00:06:24

Health: 0/37       AC:  5    Str: 15    XL:     4   Next: 92%
Magic:  1/7        EV: 12    Int: 21    God:    Cheibriados [**....]
Gold:   73         SH:  0    Dex: 17    Spells: 4/7 levels left

rFire   . . .      SeeInvis .   (no weapon)
rCold   . . .      Faith    .   (no shield)
rNeg    . . .      Spirit   .   (armour unavailable)
rPois   .          Reflect  .   (helmet restricted)
rElec   .          Harm     .   (no cloak)
rCorr   .          Rampage  .   (no gloves)
Will    .....                   (no boots)
Stlth   ++........              (no amulet)
HPRegen 0.12/turn               (no ring)
MPRegen 0.10/turn               (no ring)

@: very slow
A: AC +5, unfitting armour, cold-blooded
a: Renounce Religion, Bend Time


You were on level 3 of the Dungeon.
You worshipped Cheibriados.
Cheibriados was pleased with you.
You visited 1 branch of the dungeon, and saw 3 of its levels.

You collected 73 gold pieces.

Inventory:

Jewellery
 c - a ring of protection from fire
 d - a ring of willpower
 i - a +4 ring of slaying
 j - a ring of fire
Scrolls
 a - 3 scrolls of identify {unknown}
 b - a scroll of enchant armour {unknown}
 e - a scroll of magic mapping {unknown}
 g - a scroll of acquirement {unknown}
 h - a scroll of teleportation {unknown}
Potions
 f - a potion of curing {unknown}


   Skills:
 + Level 2.8 Fighting
 - Level 1.7 Dodging
 - Level 1.7 Stealth
 + Level 2.4 Spellcasting
 + Level 2.8 Conjurations
 + Level 3.5 Fire Magic


You had 4 spell levels left.
You knew the following spells:

 Your Spells              Type           Power      Damage    Failure   Level
a - Foxfire               Conj/Fire      64%        2x1d7     3%          1
b - Scorch                Fire           34%        2d7       4%          2

Your spell library contained the following spells:

 Spells                   Type           Power      Damage    Failure   Level
 Conjure Flame            Conj/Fire      16%        6-21      11%         3
 Slow                     Hex            8%         N/A       14%         1
 Inner Flame              Hex/Fire       10%        N/A       21%         3
 Flame Wave               Conj/Fire      16%        3d5       36%         4
 Confusing Touch          Hex            2%         N/A       38%         3
 Yara's Violent Unravell  Hex/Tmut       1%         3d3       98%         5


Dungeon Overview and Level Annotations

Branches:
Dungeon (3/15)

Altars:
Cheibriados

Shops:
D:2 *

Annotations:
D:3 Ijyb


Innate Abilities, Weirdness & Mutations

Your plain brown scales are hard. (AC +5)
You cannot fit into any form of body armour.
You are cold-blooded and may be slowed by cold attacks.


Message History

Unknown command.
Casting: Scorch (safe; 4% risk of failure)
Confirm with . or Enter, or press ? or * to list all spells.
Flames lash the orc.
The orc is burned terribly!
The orc is severely wounded.
You hear a shout!
An orc comes into view. It is wielding a +0 war axe.
The orc closely misses you.
The orc is no longer more vulnerable to fire.
The orc hits you with a +0 flail. The orc misses you.
Casting: Foxfire (safe; 3% risk of failure)
Press: ? - help, Q - select action, (/) - cycle Dir - look around, f - activate You conjure some foxfire!
The orc hits you with a +0 flail.
Your magical contamination has completely faded away.
Your foxfire dissipates!
The foxfire hits the orc but does no damage.
The orc is severely wounded.
You hit the orc.
You kill the orc!
Cheibriados appreciates the change of pace.
The orc barely misses you. The orc closely misses you.
Things that are here:
a +0 flail; a +0 ring mail; an orc corpse You aren't carrying any items that you can evoke.
Okay, then.
The orc misses you. The orc hits you with a +0 war axe.
The orc hits you with a +0 war axe. Ijyb screams, "I cut your head off!"
The orc hits you with a +0 war axe. The orc hits you with a +0 war axe!
* * * LOW HITPOINT WARNING * * *
The orc closely misses you.
Casting: Foxfire (safe; 3% risk of failure)
Press: ? - help, Q - select action, (/) - cycle Dir - look around, f - activate You conjure some foxfire!
The orc hits you with a +0 war axe!
You die...

.........#
#.#.#.#
.........#
#.#.#.#
....+###.#
#.#.#.# ...
#.####.#.#.# ..
#..........#
#####..##..#
#......#
######v###..#
#...go@v....#
#.####.###.##
#.# #.# #.# #.#
#.# #.#
#.####.#####
#######.......#
#.......#####.#
#.#####)# #.#
#.# #.#


You could see Ijyb and an orc (ally target).

Vanquished Creatures
  A scorpion (D:3)
  3 adders
  2 dart slugs
  An orc (D:3)
  3 bats
  3 endoplasms
  5 goblins
  6 hobgoblins
  3 jackals (D:1)
  4 kobolds
  2 quokkas
  A ball python (D:1)
  5 frilled lizards
  4 rats
43 creatures vanquished.

Vanquished Creatures (others)
  95 foxfires
95 creatures vanquished.

Grand Total: 138 creatures vanquished

Notes
Turn   | Place    | Note
-------+----------+-------------------------------------------
     0 | D:1      | PublicAnimeNo1 the Draconian Fire Elementalist began the
                  | quest for the Orb.
     0 | D:1      | Reached XP level 1. HP: 14/14 MP: 3/3
    16 | D:1      | Found a faded altar of an unknown god.
    32 | D:1      | Prayed at the altar of an unknown god.
    32 | D:1      | Became a worshipper of Cheibriados the Contemplative
    32 | D:1      | Reached * piety under Cheibriados
   333 | D:1      | Reached skill level 1 in Fighting
   699 | D:1      | Reached XP level 2. HP: 23/23 MP: 3/5
   703 | D:1      | Learned a level 2 spell: Scorch
  1842 | D:2      | Reached ** piety under Cheibriados
  1843 | D:2      | Reached XP level 3. HP: 29/29 MP: 1/6
  2356 | D:2      | Found Xomabein's General Store.
  2571 | D:3      | Noticed a scorpion
  2578 | D:3      | Killed a scorpion
  2579 | D:3      | Reached XP level 4. HP: 37/37 MP: 2/7
  3161 | D:3      | Noticed Ijyb
  3186 | D:3      | Slain by an orc

Illustrated notes

Levels and vault maps discovered:
D:1:      dpeg_arrival_pond, layout_loops_ring, basic_ecumenical_altar
D:2:      layout_basic, serial_shops, nicolae_shop_hallway_plus, nrook_campfire
D:3:      layout_basic, uniq_ijyb

Skill      XL: |  1  2 |
---------------+-------+-----
Fighting       | 1 2 |  2.8
Conjurations   | 2 |  2.8
Dodging        | |  1.7
Stealth        | |  1.7
Spellcasting   | |  2.4
Fire Magic     | |  3.5

Action                   |  1- 3 |  4- 6 || total
-------------------------+-------+-------++-------
Melee: Unarmed           |    29 |     6 ||    35
       Tailslap          |     1 |     1 ||     2
 Cast: Foxfire           |    40 |    18 ||    58
       Scorch            |     6 |     3 ||     9
 Stab: Sleeping          |     1 |       ||     1
Armor: Skin              |    12 |     1 ||    13
Dodge: Dodged            |    34 |    14 ||    48

Table legend: (Time is in decaauts)
 A = Elapsed time spent in this place.
 B = Non-inter-level travel time spent in this place.
 C = Inter-level travel time spent in this place.
 D = Time resting spent in this place.
 E = Time spent auto-exploring this place.
 F = Levels seen in this place.
 G = Mean time per level.
                   A        B        C        D        E       F      G
               +--------+--------+--------+--------+--------+-----+--------+
         Total |   3861 |   3761 |    100 |   1039 |   2346 |   3 | 1287.0 |
       Dungeon |   3861 |   3761 |    100 |   1039 |   2346 |   3 | 1287.0 |
               +--------+--------+--------+--------+--------+-----+--------+

Top non-repeatable levels by time:
     D:1: 1995 daAuts
     D:2: 1119 daAuts
     D:3: 746 daAuts
